 Dungeon Crawl Stone Soup version 0.29-a0-352-g0917bc69df (webtiles) character file.

Game seed: 14682613130418856086

10 Enlil the Sneak (level 2, 0/19 HPs)
             Began as a Vampire Enchanter on Apr 24, 2022.
             Succumbed to a kobold's poison
             ... on level 1 of the Dungeon.
             The game lasted 00:01:06 (212 turns).

Enlil the Sneak (Vampire Enchanter)                  Turns: 212, Time: 00:01:07

Health: 0/19       AC:  2    Str:  7    XL:     2   Next: 10%
Magic:  5/5        EV: 12    Int: 17    God:
Gold:   34         SH:  0    Dex: 14    Spells: 5/5 levels left

rFire   . . .      SeeInvis +   a - +1 dagger
rCold   . . .      Faith    .   (no shield)
rNeg    . . .      Spirit   .   b - +0 robe
rPois   .          Reflect  .   (no helmet)
rElec   .          Harm     .   (no cloak)
rCorr   .          Rampage  .   (no gloves)
Will    .....                   (no boots)
Stlth   +++.......              (no amulet)
HPRegen 0.26/turn               (no ring)
MPRegen 0.09/turn               (no ring)

@: lethally poisoned (0 -> -6), healing quickly
A: alive, fangs 3, see invisible, vampiric 1
a: Exsanguinate


You were on level 1 of the Dungeon.
You visited 1 branch of the dungeon, and saw 1 of its levels.

You collected 34 gold pieces.

Inventory:

Hand Weapons
 a - a +1 dagger (weapon)
Armour
 b - a +0 robe (worn)
Scrolls
 d - a scroll of fog {unknown}
 f - a scroll of teleportation {unknown}
Potions
 c - 2 potions of invisibility
 e - a potion of heal wounds {unknown}


   Skills:
 + Level 1.4 Short Blades
 + Level 2.4 Dodging
 + Level 4.6 Stealth
 + Level 2.1 Spellcasting
 + Level 4.6 Hexes


You had 5 spell levels left.
You didn't know any spells.
Your spell library contained the following spells:

 Spells                   Type           Power      Damage    Failure   Level
 Confusing Touch          Hex            17%        N/A       9%          3
 Tukima's Dance           Hex            17%        N/A       9%          3
 Ensorcelled Hibernation  Hex/Ice        18%        N/A       11%         2
 Dazzling Flash           Conj/Hex       18%        N/A       22%         3
 Gell's Gravitas          Tloc           1%         N/A       50%         3
 Lesser Beckoning         Tloc           1%         N/A       50%         3
 Teleport Other           Tloc           1%         N/A       50%         3


Dungeon Overview and Level Annotations

Branches:
Dungeon (1/15)

Altars:


Innate Abilities, Weirdness & Mutations

Your natural rate of healing is accelerated.
You have razor-sharp teeth.
You have supernaturally acute eyesight. (SInv)
You are afflicted with vampirism.


Message History

You hit the goblin. Your bite misses the goblin.
The goblin is severely wounded.
The ball python bites you. The ball python constricts you.
The goblin barely misses you.
You barely miss the goblin.
The goblin is severely wounded.
The ball python bites you. The ball python constricts you.
You hit the goblin.
You kill the goblin!
The ball python bites you but does no damage.
The ball python constricts you.
You have reached level 2!
You hit the ball python. You bite the ball python.
You kill the ball python!
You hit the kobold.
You kill the kobold!
A kobold comes into view. It is wielding a +0 dagger of venom.
A ball python comes into view.
You see here a +0 short sword.
The kobold shouts!
The kobold barely misses you.
The ball python hisses angrily.
You hit the kobold but do no damage. The kobold hits you but does no damage.
The ball python bites you but does no damage.
The ball python closely misses you.
You barely miss the kobold. The kobold closely misses you.
The ball python bites you. The ball python grabs you.
The ball python constricts you.
You closely miss the kobold. The ball python bites you.
The ball python constricts you.
A rat comes into view.
The kobold hits you with a +0 dagger of venom.
You are lethally poisoned!
You closely miss the kobold.
You feel sick. The ball python bites you.
* * * LOW HITPOINT WARNING * * *
The ball python constricts you.
* * * LOW HITPOINT WARNING * * *
The kobold closely misses you.
You escape the ball python's grasp.
You die...

...... #r...#
#....#####
#.........
#......# #....#.#
# ###.....# ##
#.K.S...## #.
#.#.@....# #.
##.#....#..### #.
#..#..).# .... ##
#.##....#..... #
#. #.##...)......
#.##.##..........
#.##.##....#.....
#....##....#.....
# #..##.....##
.... ###.


You could see a ball python, a kobold and a rat (wandering).

Vanquished Creatures
  An endoplasm (D:1)
  A goblin (D:1)
  2 hobgoblins (D:1)
  3 ball pythons (D:1)
  A kobold (D:1)
  2 rats (D:1)
10 creatures vanquished.

Notes
Turn   | Place    | Note
-------+----------+-------------------------------------------
     0 | D:1      | Enlil the Vampire Enchanter began the quest for the Orb.
     0 | D:1      | Reached XP level 1. HP: 13/13 MP: 3/3
   199 | D:1      | Reached XP level 2. HP: 15/19 MP: 5/5
   212 | D:1      | Succumbed to a kobold's poison

Illustrated notes

Levels and vault maps discovered:
D:1:      dpeg_arrival_three_same_balls, layout_rooms

Action                   || total
-------------------------++-------
Melee: Dagger            ||    23
       Bite              ||     3
 Stab: Sleeping          ||     2
Armor: Robe              ||     4
Dodge: Dodged            ||    12

Table legend: (Time is in decaauts)
 A = Elapsed time spent in this place.
 B = Non-inter-level travel time spent in this place.
 C = Inter-level travel time spent in this place.
 D = Time resting spent in this place.
 E = Time spent auto-exploring this place.
 F = Levels seen in this place.
 G = Mean time per level.
                   A        B        C        D        E       F      G
               +--------+--------+--------+--------+--------+-----+--------+
         Total |    210 |    210 |      0 |      0 |    141 |   1 |  210.0 |
       Dungeon |    210 |    210 |      0 |      0 |    141 |   1 |  210.0 |
               +--------+--------+--------+--------+--------+-----+--------+

Top non-repeatable levels by time:
     D:1: 210 daAuts
